[Event "FIDE WYCC Girls U14 2023"]
[Site "Montesilvano"]
[Date "2023.11.15"]
[Round "3.12"]
[White "Stefan, Iulia-Cristiana"]
[Black "Dicen, Elis Denele"]
[Result "1-0"]
[ECO "D02"]
[WhiteElo "1748"]
[BlackElo "1976"]
[Annotator "NA"]
[PlyCount "143"]
[EventDate "2023.11.13"]
[EventType "swiss"]
[EventCountry "ITA"]
[SourceTitle "playchess.com"]
[Source "ChessBase"]
[SourceQuality "1"]
[TimeControl "40/5400+30:1800+30"]

1. d4 d5 2. Nf3 Nf6 3. Bf4 e6 4. e3 Bd6 5. Ne5 O-O 6. Nd2 c5 7. c3 b6 8. Bd3 Bb7 9. Qf3 Nc6 10. Qh3 Ne7 11. g4 Ng6 12. f3 Qc7 13. g5 Ne8 14. Rg1 Qe7 15. Rg3 cxd4 16. exd4 Bxe5 17. Bxe5 f5 18. gxf6 gxf6 19. Bxg6 hxg6 20. Rxg6+ Ng7 21. Bf4 e5 22. dxe5 fxe5 23. Bh6 Rf7 24. O-O-O Bc8 25. Qh5 Rf5 26. Qg4 Rf7 27. Qg3 Bf5 28. Rg5 Rc8 29. Rg1 Rc7 30. Qh4 Qf8 31. Rh5 Bh7 32. Be3 Qe7 33. Rxh7 Qxh4 34. Rxh4 Kf8 35. Bh6 Ke8 36. Bxg7 Rxg7 37. Rh8+ Kf7 38. Rxg7+ Kxg7 39. Re8 Kf6 40. Rd8 d4 41. Ne4+ Kf5 42. Rf8+ Kg6 43. Rf6+ Kg7 44. h4 dxc3 45. bxc3 b5 46. Kd2 Rb7 47. Re6 b4 48. Rxe5 bxc3+ 49. Kxc3 Kg6 50. Rg5+ Kh6 51. f4 Rf7 52. f5 Rc7+ 53. Kd2 Rc6 54. Rg6+ Rxg6 55. fxg6 Kxg6 56. Ng3 Kh6 57. Kc3 a6 58. Kb4 Kh7 59. Ka5 Kg6 60. Kxa6 Kg7 61. Kb7 Kf7 62. a4 Kg7 63. a5 Kf8 64. a6 Ke7 65. a7 Kd7 66. a8=Q Ke7 67. Qc8 Kf7 68. Qd8 Kg6 69. Qe7 Kh6 70. Qg5+ Kh7 71. Nf5 Kh8 72. Qg7# 1-0

[Event "FIDE WYCC Girls U14 2023"]
[Site "Montesilvano"]
[Date "2023.11.15"]
[Round "3.13"]
[White "Kaliakhmet, Elnaz"]
[Black "Field, Lila Quinn"]
[Result "1-0"]
[ECO "E07"]
[WhiteElo "1933"]
[BlackElo "1616"]
[Annotator "NA"]
[PlyCount "109"]
[EventDate "2023.11.13"]
[EventType "swiss"]
[EventCountry "ITA"]
[SourceTitle "playchess.com"]
[Source "ChessBase"]
[SourceQuality "1"]
[TimeControl "40/5400+30:1800+30"]

1. d4 d5 2. c4 e6 3. Nf3 Nf6 4. Nc3 Be7 5. g3 O-O 6. Bg2 c6 7. O-O Nbd7 8. Qd3 b6 9. e4 Ba6 10. b3 dxe4 11. Nxe4 b5 12. Nxf6+ Bxf6 13. Ba3 bxc4 14. bxc4 c5 15. Rab1 Rc8 16. Rfd1 Qa5 17. dxc5 Nxc5 18. Qe3 Rfe8 19. Bb4 Qb6 20. a4 Red8 21. Rxd8+ Bxd8 22. a5 Qb8 23. Ne5 Nb7 24. Nc6 Rxc6 25. Bxc6 Nxa5 26. Qc5 Bc7 27. Bb5 Nb7 28. Qc6 Bxb5 29. Qxb5 Qa8 30. Qc6 Qc8 31. Ba3 Na5 32. Qc5 Qd8 33. Qb4 h6 34. Qc3 Qa8 35. Bb2 f6 36. Ba3 Qe4 37. Rc1 h5 38. Qe3 Qxe3 39. fxe3 Nc6 40. Bc5 Kf7 41. Rb1 Ke8 42. Bxa7 Nxa7 43. Rb7 Kd8 44. Rxa7 Bb6 45. Rxg7 Bxe3+ 46. Kg2 Bd4 47. Kf3 f5 48. Rh7 Bc3 49. h4 Bd2 50. Ke2 Bc3 51. Rxh5 Ke7 52. Rh7+ Kf6 53. c5 Be5 54. Kf3 Kg6 55. Rb7 1-0

[Event "FIDE WYCC Girls U14 2023"]
[Site "Montesilvano"]
[Date "2023.11.15"]
[Round "3.14"]
[White "Saparya Ghosh"]
[Black "Sosovickova, Martina"]
[Result "1-0"]
[ECO "D11"]
[WhiteElo "1659"]
[BlackElo "1877"]
[Annotator "NA"]
[PlyCount "55"]
[EventDate "2023.11.13"]
[EventType "swiss"]
[EventCountry "ITA"]
[SourceTitle "playchess.com"]
[Source "ChessBase"]
[SourceQuality "1"]
[TimeControl "40/5400+30:1800+30"]

1. d4 d5 2. c4 c6 3. Nf3 Nf6 4. Qb3 e6 5. Bg5 Nbd7 6. Nc3 Be7 7. e3 O-O 8. Bd3 Re8 9. O-O Qc7 10. Rac1 dxc4 11. Bxc4 Nb6 12. Bd3 Nfd5 13. Bxe7 Qxe7 14. Bb1 Nd7 15. Qc2 g6 16. Ne5 Nxe5 17. dxe5 Bd7 18. Ne4 b6 19. Rfd1 c5 20. Nf6+ Nxf6 21. exf6 Qd8 22. Qe4 Rc8 23. Rd6 Rc7 24. Rcd1 h6 25. Qd3 c4 26. Qd4 e5 27. Qd2 Re6 28. Rxd7 1-0

[Event "FIDE WYCC Girls U14 2023"]
[Site "Montesilvano"]
[Date "2023.11.15"]
[Round "3.15"]
[White "Huseynova, Lala"]
[Black "Agamyradova, Mahri"]
[Result "0-1"]
[ECO "C07"]
[WhiteElo "1867"]
[BlackElo "1652"]
[Annotator "NA"]
[PlyCount "78"]
[EventDate "2023.11.13"]
[EventType "swiss"]
[EventCountry "ITA"]
[SourceTitle "playchess.com"]
[Source "ChessBase"]
[SourceQuality "1"]
[TimeControl "40/5400+30:1800+30"]

1. e4 e6 2. d4 d5 3. Nd2 c5 4. Ngf3 cxd4 5. Nxd4 Nc6 6. Bb5 Bd7 7. Nxc6 bxc6 8. Bd3 Bd6 9. Nf3 Qc7 10. Qe2 e5 11. O-O Ne7 12. c3 f5 13. Nh4 fxe4 14. Bc2 O-O 15. c4 h6 16. Qh5 Nf5 17. Bb3 Be8 18. Qg4 h5 19. Qh3 Nxh4 20. Qxh4 Be7 21. Qg3 Qd6 22. Rd1 Bf7 23. Bc2 Qf6 24. Qe3 Be6 25. cxd5 cxd5 26. Bb3 Kh8 27. h3 d4 28. Qe2 Bxb3 29. axb3 h4 30. Bd2 Bc5 31. Qxe4 Qxf2+ 32. Kh1 Qg3 33. Rac1 Bd6 34. Rc6 Rad8 35. Ba5 Rd7 36. Qe2 Rdf7 37. Rxd6 Rf2 38. Qh5+ Kg8 39. Rg1 Rxg2 0-1

[Event "FIDE WYCC Girls U14 2023"]
[Site "Montesilvano"]
[Date "2023.11.15"]
[Round "3.16"]
[White "Wojs, Alicja"]
[Black "Avetisyan, Ani"]
[Result "1/2-1/2"]
[ECO "B15"]
[WhiteElo "1630"]
[BlackElo "1770"]
[Annotator "NA"]
[PlyCount "93"]
[EventDate "2023.11.13"]
[EventType "swiss"]
[EventCountry "ITA"]
[SourceTitle "playchess.com"]
[Source "ChessBase"]
[SourceQuality "1"]
[TimeControl "40/5400+30:1800+30"]

1. e4 c6 2. d4 d5 3. Nd2 dxe4 4. Nxe4 Nf6 5. Nxf6+ exf6 6. Bc4 Bd6 7. Ne2 O-O 8. Bf4 Bg4 9. Bxd6 Qxd6 10. O-O Nd7 11. Qd2 Rfe8 12. Ng3 Rad8 13. c3 Nf8 14. Bd3 Ng6 15. f4 Bc8 16. Bxg6 hxg6 17. Rae1 Qd5 18. Rxe8+ Rxe8 19. Re1 Rxe1+ 20. Qxe1 Be6 21. b3 c5 22. Qe3 cxd4 23. cxd4 Qa5 24. Qf2 Qc3 25. h3 Bd5 26. Nf1 b5 27. Qe3 b4 28. Qe8+ Kh7 29. Qe3 Kg8 30. Qe8+ Kh7 31. Qe3 Qa1 32. Qd2 a5 33. Kf2 Bxb3 34. axb3 a4 35. Ne3 a3 36. Nc2 Qb2 37. Qd3 a2 38. Kf3 a1=Q 39. Nxa1 Qxa1 40. Ke3 Qe1+ 41. Kf3 Qc1 42. d5 Kg8 43. d6 Qc6+ 44. Kf2 Qb6+ 45. Kf3 Kf8 46. Qd5 f5 47. d7 1/2-1/2

[Event "FIDE WYCC Girls U14 2023"]
[Site "Montesilvano"]
[Date "2023.11.15"]
[Round "3.17"]
[White "Khamdamova, Afruza"]
[Black "Alemanova, Yasmina"]
[Result "1-0"]
[ECO "C07"]
[WhiteElo "2199"]
[BlackElo "1570"]
[Annotator "ChessBase"]
[PlyCount "81"]
[EventDate "2023.11.13"]
[EventType "swiss"]
[EventCountry "ITA"]
[SourceTitle "playchess.com"]
[Source "ChessBase"]
[SourceQuality "1"]
[TimeControl "40/5400+30:1800+30"]

1. e4 e6 2. d4 d5 3. Nd2 c5 4. exd5 Qxd5 5. Ngf3 cxd4 6. Bc4 Qd7 7. O-O Nf6 8. Nb3 Nc6 9. Nbxd4 Nxd4 10. Nxd4 a6 11. Bb3 Be7 12. Re1 b5 13. a4 Bb7 14. Bg5 h6 15. Bh4 Rd8 16. c3 O-O 17. axb5 axb5 18. Qe2 b4 19. Nxe6 Qc6 20. Qf1 Ne4 21. Rxe4 Qxe4 22. Bxe7 fxe6 23. Bxd8 Rxd8 24. Re1 Qf4 25. Rxe6 Kh8 26. Qe1 Rf8 27. Re8 bxc3 28. bxc3 Bc6 29. Rxf8+ Qxf8 30. h3 Qa8 31. Qf1 Qb7 32. Qc4 Qa8 33. f3 Qa7+ 34. Kh1 Qa1+ 35. Kh2 Qa8 36. Qf4 Bd7 37. Qd6 Qc8 38. Bd5 Bf5 39. c4 Kh7 40. c5 Qe8 41. c6 1-0

[Event "FIDE WYCC Girls U14 2023"]
[Site "Montesilvano"]
[Date "2023.11.15"]
[Round "3.18"]
[White "Suyamin, Bonjoure Fille"]
[Black "Smietanska, Wiktoria"]
[Result "1-0"]
[ECO "D43"]
[WhiteElo "1570"]
[BlackElo "2009"]
[Annotator "NA"]
[PlyCount "119"]
[EventDate "2023.11.13"]
[EventType "swiss"]
[EventCountry "ITA"]
[SourceTitle "playchess.com"]
[Source "ChessBase"]
[SourceQuality "1"]
[TimeControl "40/5400+30:1800+30"]

1. d4 Nf6 2. Nf3 e6 3. c4 d5 4. Nc3 c6 5. g3 Nbd7 6. Bg2 Bd6 7. O-O O-O 8. Nd2 Be7 9. Re1 Nb6 10. b3 dxc4 11. Nxc4 Nbd5 12. Bb2 Qc7 13. e4 Nxc3 14. Bxc3 Rd8 15. Qe2 b6 16. Rac1 Bb7 17. Qb2 Rac8 18. Red1 Qd7 19. Rd2 Qe8 20. Rcd1 Qf8 21. b4 Rb8 22. a3 Rd7 23. Ne5 Rc7 24. h3 Rbc8 25. Re1 Ne8 26. Re3 Nd6 27. Qb3 Ba6 28. Rd1 Bf6 29. f4 Be7 30. Kh2 Qe8 31. g4 c5 32. dxc5 bxc5 33. bxc5 Rxc5 34. Bb4 Rb5 35. Qa4 Rb6 36. Qxe8+ Rxe8 37. Bc5 Nc4 38. Bxb6 axb6 39. Nxc4 Bxc4 40. Rc3 Be2 41. Rd7 Bc5 42. e5 Bb5 43. Rb7 Be2 44. a4 h5 45. Bf3 Bxf3 46. Rxf3 Rd8 47. Rc3 Rd5 48. Kg3 hxg4 49. hxg4 g5 50. Rf3 gxf4+ 51. Rxf4 f5 52. gxf5 Rxe5 53. f6 Re3+ 54. Kh4 Re1 55. f7+ Kf8 56. Rb8+ Kg7 57. f8=Q+ Bxf8 58. Rbxf8 e5 59. R8f7+ Kg8 60. R4f5 1-0

[Event "FIDE WYCC Girls U14 2023"]
[Site "Montesilvano"]
[Date "2023.11.15"]
[Round "3.19"]
[White "Jiang, Tianyu"]
[Black "Chasouraki, Chrysi"]
[Result "0-1"]
[ECO "B40"]
[WhiteElo "1917"]
[BlackElo "1559"]
[Annotator "ChessBase"]
[PlyCount "160"]
[EventDate "2023.11.13"]
[EventType "swiss"]
[EventCountry "ITA"]
[SourceTitle "playchess.com"]
[Source "ChessBase"]
[SourceQuality "1"]
[TimeControl "40/5400+30:1800+30"]

1. e4 c5 2. Nf3 e6 3. b3 b6 4. d4 cxd4 5. Nxd4 Bb7 6. Nd2 Bc5 7. Bb2 Nf6 8. Bd3 Nc6 9. Nxc6 Bxc6 10. Qe2 Rb8 11. e5 Nd5 12. Qg4 g6 13. Ne4 Be7 14. Nd6+ Bxd6 15. exd6 Rg8 16. h4 b5 17. Kf1 b4 18. Kg1 h5 19. Qg3 f5 20. Bc4 Nf6 21. Qf4 Kf7 22. Rh3 Bd5 23. Bd3 Be4 24. Re1 Bxd3 25. Rxd3 Ng4 26. Rh3 Rc8 27. Re2 Qb6 28. Rd3 a5 29. Bd4 Qd8 30. f3 Nf6 31. Bb2 Rc6 32. Kh2 Kg7 33. Qe5 Kf7 34. Qf4 Kg7 35. g4 hxg4 36. fxg4 Kf7 37. g5 Nh5 38. Qe5 Qb6 39. Rdd2 Rgc8 40. Rf2 Rc5 41. Qe3 Qc6 42. Be5 a4 43. Bb2 Ra8 44. Qd4 axb3 45. axb3 Rb8 46. Qe3 Rbb5 47. Rfe2 Ra5 48. Qd4 Rab5 49. Qh8 Rc3 50. Bxc3 bxc3 51. Rd3 Rb4 52. Qh7+ Ng7 53. Qh8 Re4 54. Rg2 Qc5 55. Kh3 Qb4 56. Rf3 Rg4 57. Rfg3 Rd4 58. Rg1 Rxd6 59. Ra1 Qf4 60. Qh7 Rd4 61. Qh8 Rd2 62. Rh1 Rxc2 63. Qd8 Qd4 64. Qf6+ Qxf6 65. gxf6 Nh5 66. Rf3 Kxf6 67. Rd1 d5 68. b4 Rb2 69. Rc1 d4 70. Rff1 Rxb4 71. Kg2 Rb2+ 72. Kh3 c2 73. Rf2 d3 74. Kg2 Rb1 75. Rcxc2 dxc2 76. Rxc2 Rb4 77. Kh3 Rb3+ 78. Kh2 Rg3 79. Rc8 Rg4 80. Kh3 Nf4+ 0-1

[Event "FIDE WYCC Girls U14 2023"]
[Site "Montesilvano"]
[Date "2023.11.15"]
[Round "3.20"]
[White "Balazs, Szabina Zoe"]
[Black "Toth, Lili"]
[Result "1/2-1/2"]
[ECO "C55"]
[WhiteElo "1552"]
[BlackElo "2199"]
[Annotator "ChessBase"]
[PlyCount "106"]
[EventDate "2023.11.13"]
[EventType "swiss"]
[EventCountry "ITA"]
[SourceTitle "playchess.com"]
[Source "ChessBase"]
[SourceQuality "1"]
[TimeControl "40/5400+30:1800+30"]

1. e4 e5 2. Nf3 Nc6 3. Bc4 Nf6 4. d3 Be7 5. O-O O-O 6. a4 d5 7. exd5 Nxd5 8. Re1 Bg4 9. Nbd2 Kh8 10. h3 Bh5 11. Nf1 f6 12. Ng3 Bf7 13. Nf5 Qd7 14. Nxe7 Ncxe7 15. d4 exd4 16. Qxd4 Rad8 17. b3 Nc6 18. Qd1 Qc8 19. Qe2 Rfe8 20. Qf1 Ncb4 21. c3 Nc2 22. Rxe8+ Bxe8 23. Ra2 Bg6 24. Bd2 Nb6 25. Be2 Be4 26. Qc1 Qe6 27. Rb2 c5 28. Bd1 Na3 29. Ra2 Nb1 30. Be3 Nd5 31. Bd2 Nbxc3 32. Bxc3 Nxc3 33. Rd2 Rxd2 34. Qxd2 Nxd1 35. Qxd1 Qd5 36. Qxd5 Bxd5 37. Nd2 b6 38. f3 Kg8 39. Kf2 Kf7 40. Ke3 Ke6 41. g4 a6 42. h4 h6 43. h5 Kd6 44. Kf4 b5 45. axb5 axb5 46. Kf5 c4 47. bxc4 bxc4 48. Nxc4+ Bxc4 49. Kg6 Be2 50. Kxg7 Ke7 51. Kxh6 Bxf3 52. g5 fxg5 53. Kxg5 Bxh5 1/2-1/2

[Event "FIDE WYCC Girls U14 2023"]
[Site "Montesilvano"]
[Date "2023.11.15"]
[Round "3.21"]
[White "Zerarga, Imene"]
[Black "Stoll, Lucia"]
[Result "0-1"]
[ECO "C55"]
[WhiteElo "1514"]
[BlackElo "1887"]
[Annotator "NA"]
[PlyCount "64"]
[EventDate "2023.11.13"]
[EventType "swiss"]
[EventCountry "ITA"]
[SourceTitle "playchess.com"]
[Source "ChessBase"]
[SourceQuality "1"]
[TimeControl "40/5400+30:1800+30"]

1. e4 e5 2. Nf3 Nc6 3. Bc4 Nf6 4. d3 h6 5. O-O d6 6. a4 g5 7. c3 Bg7 8. Re1 O-O 9. Na3 Bg4 10. Nc2 Ne7 11. Ne3 Bh5 12. Nf1 Ng6 13. Ng3 Bg4 14. h3 Bd7 15. d4 a5 16. Qc2 c6 17. Nf5 d5 18. Nxg7 Kxg7 19. exd5 cxd5 20. dxe5 dxc4 21. exf6+ Qxf6 22. Be3 Kg8 23. Qe2 Rac8 24. Red1 Bc6 25. Nd4 Rfe8 26. Qf1 Nh4 27. Nxc6 Qxc6 28. Bd4 Re2 29. Ra2 Rce8 30. Be3 R8xe3 31. fxe3 Rxg2+ 32. Kh1 Rf2+ 0-1

[Event "FIDE WYCC Girls U14 2023"]
[Site "Montesilvano"]
[Date "2023.11.15"]
[Round "3.22"]
[White "Rice, Leah"]
[Black "Negre, Emilie"]
[Result "0-1"]
[ECO "A45"]
[WhiteElo "1499"]
[BlackElo "1871"]
[Annotator "NA"]
[PlyCount "96"]
[EventDate "2023.11.13"]
[EventType "swiss"]
[EventCountry "ITA"]
[SourceTitle "playchess.com"]
[Source "ChessBase"]
[SourceQuality "1"]
[TimeControl "40/5400+30:1800+30"]

1. d4 Nf6 2. Bf4 c5 3. e3 Qb6 4. Nc3 d6 5. Nf3 Qxb2 6. Nb5 Qb4+ 7. Qd2 Qxd2+ 8. Kxd2 Na6 9. Nc3 cxd4 10. exd4 Nb4 11. Bb5+ Bd7 12. Bxd7+ Kxd7 13. Rab1 Nbd5 14. Be3 Nxc3 15. Kxc3 b6 16. Kd3 e6 17. c4 Be7 18. a4 Rhc8 19. Rb5 d5 20. Ne5+ Ke8 21. a5 dxc4+ 22. Nxc4 bxa5 23. Rxa5 Nd5 24. Bd2 Bb4 25. Ra2 Bxd2 26. Nd6+ Kd7 27. Nxc8 Nb4+ 28. Kxd2 Nxa2 29. Ra1 Kxc8 30. Rxa2 a5 31. Kc3 Kc7 32. Kc4 Kc6 33. Ra4 Kb6 34. Kb3 Kb5 35. Ra1 Rc8 36. Rb1 Rc4 37. Rd1 a4+ 38. Ka3 Rc3+ 39. Kb2 Kc4 40. Rd2 Rd3 41. Rc2+ Kxd4 42. Ka2 e5 43. f3 f5 44. Re2 e4 45. fxe4 fxe4 46. g3 e3 47. Ka1 Rd2 48. Re1 e2 0-1

[Event "FIDE WYCC Girls U14 2023"]
[Site "Montesilvano"]
[Date "2023.11.15"]
[Round "3.23"]
[White "Li Chen, Helena Joana"]
[Black "Manco, Amaliya"]
[Result "1-0"]
[ECO "C50"]
[WhiteElo "1799"]
[BlackElo "1538"]
[Annotator "NA"]
[PlyCount "77"]
[EventDate "2023.11.13"]
[EventType "swiss"]
[EventCountry "ITA"]
[SourceTitle "playchess.com"]
[Source "ChessBase"]
[SourceQuality "1"]
[TimeControl "40/5400+30:1800+30"]

1. e4 e5 2. Nf3 Nc6 3. Bc4 Bc5 4. d3 Nf6 5. c3 O-O 6. O-O d6 7. h3 a6 8. a4 h6 9. Re1 Kh8 10. Nbd2 Nh7 11. Nb3 Ba7 12. d4 exd4 13. cxd4 Ne7 14. d5 Ng6 15. Be3 Bxe3 16. Rxe3 h5 17. Qd4 h4 18. e5 dxe5 19. Nxe5 Qg5 20. Nxg6+ fxg6 21. Rae1 b6 22. Re7 Nf6 23. f4 Qh6 24. Rxc7 Nh5 25. d6 Nxf4 26. Ree7 Nxh3+ 27. gxh3 Qg5+ 28. Kh1 Qf6 29. Qxf6 Rxf6 30. Rxg7 Be6 31. Bxe6 Rxe6 32. Rh7+ Kg8 33. Rcg7+ Kf8 34. d7 Rd8 35. Nd4 Rd6 36. Nf3 Rd3 37. Ne5 Rd6 38. Nxg6+ Rxg6 39. Rxg6 1-0

[Event "FIDE WYCC Girls U14 2023"]
[Site "Montesilvano"]
[Date "2023.11.15"]
[Round "3.24"]
[White "Gaszka, Zuzanna"]
[Black "Pereira Garza, Cecilia"]
[Result "1-0"]
[ECO "B90"]
[WhiteElo "1758"]
[BlackElo "1479"]
[Annotator "NA"]
[PlyCount "109"]
[EventDate "2023.11.13"]
[EventType "swiss"]
[EventCountry "ITA"]
[SourceTitle "playchess.com"]
[Source "ChessBase"]
[SourceQuality "1"]
[TimeControl "40/5400+30:1800+30"]

1. e4 c5 2. Nf3 d6 3. d4 cxd4 4. Nxd4 Nf6 5. Nc3 a6 6. h3 e5 7. Nb3 Be7 8. Be3 Be6 9. f4 exf4 10. Bxf4 Nbd7 11. Bxd6 Qb6 12. Bxe7 Qe3+ 13. Qe2 Qg3+ 14. Qf2 Qxf2+ 15. Kxf2 Kxe7 16. Bd3 Rac8 17. Rad1 Ne5 18. Nd4 b5 19. a3 g6 20. Nf3 Nc4 21. Bxc4 Bxc4 22. Rd4 Rhd8 23. Rhd1 h6 24. Ne5 Rxd4 25. Rxd4 Be6 26. Ke3 Rc5 27. Nf3 g5 28. Ne1 g4 29. h4 h5 30. Nd3 Rc4 31. Nb4 a5 32. Rxc4 Bxc4 33. Nc6+ Kd7 34. Nxa5 Bf1 35. Kf2 Bc4 36. Nxc4 bxc4 37. Ke3 Ne8 38. Nd5 Ke6 39. Nf4+ Ke5 40. Nxh5 Nd6 41. Ng3 Nb5 42. c3 Nd6 43. h5 Nb7 44. h6 Kf6 45. Kd4 Na5 46. Nf5 Kg6 47. a4 g3 48. Nxg3 Kxh6 49. Nf5+ Kg6 50. Nd6 Kf6 51. Nxc4 Nb3+ 52. Ke3 Ke6 53. a5 Nc5 54. b4 Na6 55. b5 1-0

[Event "FIDE WYCC Girls U14 2023"]
[Site "Montesilvano"]
[Date "2023.11.15"]
[Round "3.25"]
[White "Derlich, Sarah Sima"]
[Black "Aswinika Mani R"]
[Result "0-1"]
[ECO "B52"]
[WhiteElo "1745"]
[BlackElo "1472"]
[Annotator "NA"]
[PlyCount "86"]
[EventDate "2023.11.13"]
[EventType "swiss"]
[EventCountry "ITA"]
[SourceTitle "playchess.com"]
[Source "ChessBase"]
[SourceQuality "1"]
[TimeControl "40/5400+30:1800+30"]

1. e4 c5 2. Nf3 d6 3. Bb5+ Bd7 4. Bxd7+ Qxd7 5. c4 Nf6 6. Nc3 g6 7. d4 cxd4 8. Nxd4 Bg7 9. O-O O-O 10. f3 Rc8 11. b3 d5 12. e5 Ne8 13. Nxd5 e6 14. Nc3 Bxe5 15. Nde2 b5 16. Rb1 bxc4 17. b4 Qc7 18. f4 Rd8 19. Qc2 Bg7 20. Be3 Nd6 21. Rfd1 Nc6 22. b5 Nf5 23. bxc6 Nxe3 24. Rxd8+ Rxd8 25. Qe4 Nd5 26. Qxc4 Nxc3 27. Nxc3 Rc8 28. Rd1 Qb6+ 29. Kf1 Rxc6 30. Rd8+ Bf8 31. Qd3 Rxc3 32. Rxf8+ Kxf8 33. Qxc3 Qb1+ 34. Kf2 Qxa2+ 35. Kg3 h5 36. Qb4+ Kg8 37. Qb8+ Kh7 38. Qc7 Qb3+ 39. Kh4 e5 40. Qxe5 Qe6 41. Qg5 Qg4+ 42. Qxg4 hxg4 43. Kxg4 a5 0-1

[Event "FIDE WYCC Girls U14 2023"]
[Site "Montesilvano"]
[Date "2023.11.15"]
[Round "3.26"]
[White "Mohd Afif, Ainul Mardhiah"]
[Black "Mueller, Riyanna"]
[Result "0-1"]
[ECO "D28"]
[WhiteElo "1478"]
[BlackElo "1754"]
[Annotator "NA"]
[PlyCount "79"]
[EventDate "2023.11.13"]
[EventType "swiss"]
[EventCountry "ITA"]
[SourceTitle "playchess.com"]
[Source "ChessBase"]
[SourceQuality "1"]
[TimeControl "40/5400+30:1800+30"]

1. d4 d5 2. c4 dxc4 3. Nf3 Nf6 4. e3 e6 5. Bxc4 a6 6. O-O c5 7. Qe2 Nbd7 8. Rd1 Be7 9. a4 b6 10. Nc3 O-O 11. e4 cxd4 12. Nxd4 Qc7 13. Be3 Bb7 14. Rac1 Ne5 15. Ba2 Neg4 16. g3 Nxe3 17. Qxe3 Bc5 18. b4 Bxd4 19. Rxd4 Rac8 20. f3 Rfd8 21. Rxd8+ Qxd8 22. Rd1 Qc7 23. Ne2 h5 24. Qd3 Qc2 25. Bb3 Qxd3 26. Rxd3 Kf8 27. h4 Ke7 28. Kf2 Nd7 29. Rc3 a5 30. Rxc8 Bxc8 31. bxa5 bxa5 32. Nd4 Kd6 33. Bc2 Kc5 34. Ke3 Nb6 35. Kd3 Bd7 36. Kc3 Bxa4 37. Nb3+ Bxb3 38. Bxb3 Nc8 39. e5 Na7 40. f4 0-1

[Event "FIDE WYCC Girls U14 2023"]
[Site "Montesilvano"]
[Date "2023.11.15"]
[Round "3.27"]
[White "Orazalina, Nursulu"]
[Black "Zadrapova, Amalie"]
[Result "1-0"]
[ECO "B90"]
[WhiteElo "1428"]
[BlackElo "1753"]
[Annotator "NA"]
[PlyCount "169"]
[EventDate "2023.11.13"]
[EventType "swiss"]
[EventCountry "ITA"]
[SourceTitle "playchess.com"]
[Source "ChessBase"]
[SourceQuality "1"]
[TimeControl "40/5400+30:1800+30"]

1. e4 c5 2. Nf3 d6 3. d4 cxd4 4. Nxd4 Nf6 5. Nc3 a6 6. f3 e6 7. Be3 Be7 8. Qd2 Qc7 9. O-O-O O-O 10. g4 Nc6 11. g5 Nh5 12. f4 g6 13. Be2 Ng7 14. h4 b5 15. h5 Bd7 16. hxg6 fxg6 17. Rh6 b4 18. Nb1 Nxd4 19. Bxd4 Rac8 20. Bd3 Bb5 21. Bxg7 Bxd3 22. Qxd3 Kxg7 23. Rdh1 Rh8 24. R1h2 d5 25. e5 Qc4 26. Qh3 Qxf4+ 27. Nd2 Rcg8 28. Rh4 Qf5 29. Qxf5 gxf5 30. Nf3 Bc5 31. Kd2 a5 32. Ne1 Bb6 33. Nd3 Bc7 34. Ke3 Re8 35. Kf3 Re7 36. Rh6 Kg8 37. Re2 Bb6 38. Nf4 Bd4 39. b3 Kf7 40. Ng6 hxg6 41. Rxh8 Re8 42. Rh7+ Kg8 43. Rc7 Bb6 44. Rb7 Bd4 45. Kf4 Rc8 46. Rh2 Rc3 47. Re2 Rh3 48. Re7 Rh4+ 49. Kf3 Rh3+ 50. Kg2 Rh5 51. Rxe6 Rxg5+ 52. Kf3 Rg4 53. Rg2 Rxg2 54. Kxg2 Kf7 55. Rd6 Bxe5 56. Rxd5 Kf6 57. Rxa5 Bb2 58. Rb5 Bc3 59. Kf3 g5 60. Rd5 Ke6 61. Rd8 g4+ 62. Kf4 Be5+ 63. Ke3 Bb2 64. Re8+ Kf6 65. Rb8 Bc3 66. Kd3 Be1 67. Ke3 Bc3 68. Ra8 Bb2 69. Ra5 Kg5 70. Rd5 Bc3 71. Rb5 Kf6 72. Rd5 Kg5 73. Rd8 Bb2 74. Rb8 Bc3 75. Kd3 Be1 76. Ra8 g3 77. Ke2 Bc3 78. Kf3 Be1 79. a4 bxa3 80. Rxa3 f4 81. Ra8 Bd2 82. c4 Kf5 83. c5 Bc3 84. c6 Be5 85. Ra5 1-0

[Event "FIDE WYCC Girls U14 2023"]
[Site "Montesilvano"]
[Date "2023.11.15"]
[Round "3.28"]
[White "Andries, Alexia"]
[Black "Seyhan, Pelin"]
[Result "1/2-1/2"]
[ECO "E55"]
[WhiteElo "1750"]
[BlackElo "1461"]
[Annotator "NA"]
[PlyCount "125"]
[EventDate "2023.11.13"]
[EventType "swiss"]
[EventCountry "ITA"]
[SourceTitle "playchess.com"]
[Source "ChessBase"]
[SourceQuality "1"]
[TimeControl "40/5400+30:1800+30"]

1. d4 Nf6 2. c4 e6 3. Nc3 d5 4. e3 Nbd7 5. Nf3 Bb4 6. Bd3 c5 7. O-O dxc4 8. Bxc4 O-O 9. a3 Bxc3 10. bxc3 a6 11. a4 Qc7 12. Bb3 Rd8 13. Qe2 b6 14. c4 Bb7 15. h3 Ne4 16. Bb2 Rab8 17. Rfd1 Ndf6 18. Ne5 Ba8 19. Rac1 Qb7 20. f3 Ng3 21. Qf2 Nf5 22. Ba3 Qc7 23. Bb2 Qb7 24. Bc3 Qc7 25. Qe1 a5 26. Bc2 Ne7 27. Qh4 h6 28. Rb1 Ne8 29. Qh5 Nc6 30. Nxc6 Qxc6 31. dxc5 bxc5 32. Rxd8 Rxd8 33. Bxa5 Rc8 34. Qe5 f6 35. Qc3 Nd6 36. Rb6 Qd7 37. Qd3 Bc6 38. Bc3 e5 39. a5 Qe6 40. e4 Kh7 41. Bb3 Nf7 42. Qe3 Qd6 43. Bc2 Ng5 44. Ba4 Qd7 45. Bb5 Ne6 46. Qd2 Bxb5 47. cxb5 Nd4 48. a6 Qf7 49. Kh2 Rd8 50. Qb2 f5 51. Rb7 Qg6 52. a7 Qg5 53. Be1 Qf4+ 54. Bg3 Nxf3+ 55. gxf3 Rd2+ 56. Qxd2 Qxd2+ 57. Kg1 Qd1+ 58. Kg2 fxe4 59. Rxg7+ Kxg7 60. Bxe5+ Kf7 61. a8=Q Qxf3+ 62. Kh2 Qf2+ 63. Kh1 1/2-1/2

[Event "FIDE WYCC Girls U14 2023"]
[Site "Montesilvano"]
[Date "2023.11.15"]
[Round "3.29"]
[White "Caku, Kler"]
[Black "Comarnitcaia, Ecaterina"]
[Result "1/2-1/2"]
[ECO "C42"]
[WhiteElo "1740"]
[BlackElo "1424"]
[Annotator "NA"]
[PlyCount "87"]
[EventDate "2023.11.13"]
[EventType "swiss"]
[EventCountry "ITA"]
[SourceTitle "playchess.com"]
[Source "ChessBase"]
[SourceQuality "1"]
[TimeControl "40/5400+30:1800+30"]

1. e4 e5 2. Nf3 Nf6 3. Nxe5 d6 4. Nf3 Nxe4 5. c3 d5 6. d3 Nf6 7. Be2 Bd6 8. O-O O-O 9. Bg5 h6 10. Bh4 Be6 11. Re1 Nbd7 12. Nbd2 Re8 13. Nf1 Nf8 14. Bg3 Ng6 15. Qd2 Nh5 16. Bxd6 Qxd6 17. Nd4 Nhf4 18. Nxe6 Nxe2+ 19. Rxe2 Rxe6 20. Rxe6 Qxe6 21. Re1 Qd7 22. Qe3 b6 23. Ng3 Kf8 24. Kf1 Re8 25. Qxe8+ Qxe8 26. Rxe8+ Kxe8 27. Nf5 Kf8 28. g3 Ne7 29. Nd4 c5 30. Nb5 Nc6 31. Ke2 Ke7 32. Nc7 d4 33. f4 g6 34. Kf3 Kd7 35. Nd5 Ke6 36. Nc7+ Kd7 37. Nb5 a6 38. Na3 b5 39. Nc2 Ke6 40. cxd4 cxd4 41. g4 Kd5 42. a3 a5 43. b4 a4 44. Ke2 1/2-1/2